[Event "Live Chess"]
[Site "Chess.com"]
[Date "2024.06.02"]
[Round "-"]
[White "seasidecastle27"]
[Black "Inglaterra"]
[Result "1/2-1/2"]
[WhiteElo "1953"]
[BlackElo "2059"]
[TimeControl "300"]
[EndTime "7:09:58 PDT"]
[Termination "Game drawn by repetition"]

1. d4 d5 2. Nf3 e6 3. Bf4 Nf6 4. e3 Bd6 5. Bg3 O-O 6. Nbd2 b6 7. Bd3 Bb7 8. Qe2 Ne4 9. Ne5 Nd7 10. f4 f6 11.
Nxd7 Qxd7 12. Nxe4 dxe4 13. Bc4 Kh8 14. O-O c5 15.
Rad1 Qe7 16. d5 e5 17. fxe5 Bxe5 18. Bxe5 Qxe5 19. c3 Rad8 20. Qg4 Bxd5 21. Rf5 Be6 22. Rxd8 Rxd8 23. Rxe5 Bxg4 24. Rxe4 Bf5 25. Re7 h6 26. Rxa7 Rd1+ 27. Kf2 Rd2+ 28. Kf3 Rxb2 29. h4 h5 30. Ra8+ Kh7 31. Bg8+ Kg6 32. Bd5 b5 33. Bc6 b4 34.
Be8+ Kh6 35. cxb4 cxb4 36. Bf7 Bg4+ 37. Kg3 Kh7 38. Bg8+ Kg6 39. Bd5 Re2 40. e4 Re3+ 41. Kf4 Re2 42. Kg3 Re3+ 43. Kf4 Re2 44. Kg3 1/2-1/2

[Event "Live Chess"]
[Site "Chess.com"]
[Date "2024.06.02"]
[Round "-"]
[White "ACM42"]
[Black "CheckThis4"]
[Result "0-1"]
[WhiteElo "2187"]
[BlackElo "2681"]
[TimeControl "300"]
[EndTime "7:09:58 PDT"]
[Termination "CheckThis4 won by resignation"]

1. e4 c5 2. Nf3 Nc6 3. d4 cxd4 4. Nxd4 g6 5. Nc3 Bg7 6. Be3 Nf6 7. Nxc6 bxc6 8. e5 Nd5 9. Nxd5 cxd5 10. Qxd5 Rb8 11. Bd4 O-O 12. O-O-O Bb7 13. Qc5 Be4 14. Bd3 Bxg2 15. Rhg1 Bf3 16. Rde1 d6 17. exd6 exd6 18.
Qc3 Rc8 19. Qb4 Qh4 20. Rg3 Bxd4 21. Qxd6 Bxf2 0-1

[Event "Live Chess"]
[Site "Chess.com"]
[Date "2024.06.02"]
[Round "-"]
[White "dmitro74"]
[Black "LL220284LL"]
[Result "0-1"]
[WhiteElo "1751"]
[BlackElo "2464"]
[TimeControl "300"]
[EndTime "7:09:59 PDT"]
[Termination "LL220284LL won by resignation"]

1. d4 c6 2. e4 g6 3. c4 Bg7 4. Nc3 d6 5. f4 Nd7 6. Nf3 Qa5 7. Bd2 Qc7 8. Bd3 Nh6 9. O-O a6 10. a4 b6 11. e5 O-O 12. Ng5 c5 13. Nd5 Qd8 14.
Bc3 cxd4 15. Bxd4 dxe5 16. fxe5 e6 17. Nxe6 fxe6 18. Rxf8+ Bxf8 19. Nf4 Nc5 20. Bxg6 hxg6 21. Nxg6 Nf5 22. Nxf8 Qxd4+ 23. Qxd4 Nxd4 24. Ng6 a5 25. Rf1 Kg7 26. Ne7 Ba6 27. h4 Re8 28. Nd5 exd5 29.
Re1 Bxc4 30. Kf2 Nd3+ 31. Kf1 Nxe1+ 0-1

[Event "Live Chess"]
[Site "Chess.com"]
[Date "2024.06.02"]
[Round "-"]
[White "booktrunk"]
[Black "DoYouLikeCurry"]
[Result "1-0"]
[WhiteElo "1497"]
[BlackElo "1423"]
[TimeControl "300"]
[EndTime "7:10:09 PDT"]
[Termination "booktrunk won on time"]

1. d4 f5 2. Nc3 e6 3. Bf4 b6 4. Nb5 Na6 5. e3 c6 6. Nd6+ Ke7 7. Bg5+ Nf6 8. Nxc8+ Qxc8 9. Qd2 Kf7 10. Nf3 Ne4 11.
Ne5+ Kg8 12. Qe2 Nxg5 13. Qh5 d6 14. Nxc6 Qxc6 15. Qxg5 Nb4 16. c3 Nc2+ 17. Kd2 Nxa1 18. Bd3 Rc8 19. Rxa1 h6 20. Qg3 d5 21. h4 Bd6 22.
Qg6 Qe8 23. Qxe8+ Rxe8 24. b3 Kf7 25. f4 Be7 26. g3 Rhg8 27. Rg1 g5 28. fxg5 hxg5 29.
h5 g4 30. Rh1 Rh8 31. c4 dxc4 32. bxc4 Kf6 33. e4 Kg5 34. exf5 exf5 35. h6 Rd8 36.
Ke3 Bd6 37. h7 Bxg3 38. Be2 Bf4+ 39. Kd3 Kg6 40. Bf1 Rxh7 41. Rg1 Rh3+ 42. Bxh3 Re8 43.
Kc2 Re3 44. Bf1 Rg3 45. Rh1 Rh3 46. Bxh3 gxh3 47. Rxh3 1-0

[Event "Live Chess"]
[Site "Chess.com"]
[Date "2024.06.02"]
[Round "-"]
[White "Pandreq"]
[Black "DoctorMantisTobogganMD"]
[Result "0-1"]
[WhiteElo "1249"]
[BlackElo "2220"]
[TimeControl "300"]
[EndTime "7:10:09 PDT"]
[Termination "DoctorMantisTobogganMD won by resignation"]

1. d4 Nf6 2. c4 Nc6 3. Nf3 e6 4. a3 Be7 5. Nc3 d6 6. Bg5 h6 7.
Bh4 e5 8. d5 Nb8 9. e4 Bg4 10.
Be2 Nbd7 11. h3 Bxf3 12. Bxf3 a5 13. b4 g5 14. Bg3 b6 15. b5 Nc5 16. Qc2 a4 17. O-O h5 18. h4 gxh4 19. Bxh4 Ng4 20. Bxe7 Qxe7 21. Bxg4 hxg4 22. f3 g3 23. Ne2 Qh4 24.
Nxg3 Qxg3 25. Rf2 Qh2+ 26. Kf1 Qh1+ 27. Ke2 Qxa1 0-1

[Event "Live Chess"]
[Site "Chess.com"]
[Date "2024.06.02"]
[Round "-"]
[White "GrahamCuthbert"]
[Black "davigator"]
[Result "0-1"]
[WhiteElo "1037"]
[BlackElo "2354"]
[TimeControl "300"]
[EndTime "7:10:16 PDT"]
[Termination "davigator won by resignation"]

1. d4 Nf6 2. Bf4 g6 3. Nf3 Bg7 4. e3 d6 5. c4 c6 6. Be2 a5 7. a4 Na6 8. Nbd2 Nb4 9. O-O Bf5 10. b3 Qb6 11. h3 h6 12. g4 Bd3 13. Rc1 Bxe2 14.
Qxe2 O-O 15. c5 dxc5 16. dxc5 Qa7 17. Ne5 Rad8 18. Rfd1 Nfd5 19. Bg3 Na2 20. Rc2 Nac3 21. Qf1 Nxd1 22. Qxd1 Nb4 23. Rc1 Bxe5 24. Bxe5 Nd3 25. Rc3 Nxe5 26. Nf3 Rxd1+ 0-1

[Event "Live Chess"]
[Site "Chess.com"]
[Date "2024.06.02"]
[Round "-"]
[White "Kyrylo7770"]
[Black "Queensandpawns"]
[Result "0-1"]
[WhiteElo "1641"]
[BlackElo "2297"]
[TimeControl "300"]
[EndTime "7:10:16 PDT"]
[Termination "Queensandpawns won by checkmate"]

1. d4 e5 2. dxe5 Bc5 3. Nf3 d6 4. Bg5 Ne7 5. exd6 Nbc6 6. e3 Bxd6 7. Nc3 O-O 8. Be2 h6 9. Bh4 g5 10. Bg3 Nf5 11. Bxd6 Nxd6 12. Bd3 f5 13. O-O Qf6 14. Nd5 Qg7 15. c3 Be6 16. c4 Ne4 17. Bxe4 fxe4 18. Nd4 Bxd5 19. cxd5 Nxd4 20. exd4 Rad8 21. Qg4 Qxd4 22.
Qe6+ Kg7 23. Rfd1 Qxf2+ 24. Kh1 e3 25. Rf1 Qxf1+ 26. Rxf1 Rxf1# 0-1

[Event "Live Chess"]
[Site "Chess.com"]
[Date "2024.06.02"]
[Round "-"]
[White "grillage"]
[Black "stevochess11"]
[Result "0-1"]
[WhiteElo "1872"]
[BlackElo "1690"]
[TimeControl "300"]
[EndTime "7:10:30 PDT"]
[Termination "stevochess11 won by checkmate"]

1. d4 Nf6 2. Nf3 g6 3. c4 c5 4.
g3 cxd4 5. Nxd4 Bg7 6. Bg2 O-O 7. O-O Nc6 8. Nxc6 bxc6 9. Nc3 Ba6 10. Qa4 Bb7 11. Rb1 Ng4 12. Bd2 Ne5 13. b3 d5 14.
cxd5 cxd5 15. Rfd1 Bc6 16. Qh4 d4 17. Ne4 f5 18.
Nc5 Bxg2 19. Ne6 Qd5 20. Nxf8 Rxf8 21. f3 Bxf3 22. Qxe7 Bh1 23. e4 Qxe4 24. Kf1 Qf3+ 25. Ke1 Nd3# 0-1

[Event "Live Chess"]
[Site "Chess.com"]
[Date "2024.06.02"]
[Round "-"]
[White "Larchikov"]
[Black "FlyingChessKestrel13"]
[Result "1-0"]
[WhiteElo "2085"]
[BlackElo "2067"]
[TimeControl "300"]
[EndTime "7:11:00 PDT"]
[Termination "Larchikov won by resignation"]

1. d4 d5 2. c4 dxc4 3. e4 e5 4. d5 Nf6 5. Nc3 b5 6. Nxb5 Nxe4 7. Qa4 Nd7 8. Qxc4 Bc5 9. Qxe4 a6 10. Nc3 O-O 11. Nf3 f5 12. Qc4 a5 13. d6+ Kh8 14. dxc7 Qf6 15. Bg5 Qg6 16. Qd5 e4 17. Qxa8 exf3 18.
Qxf3 Qxg5 19. Be2 Ne5 20. Qd5 Re8 21. O-O Bb6 22. Nb5 f4 23. Bf3 Be6 24. Qxe6 Nxf3+ 25. Kh1 Qh5 26. Qh3 Qxh3 27. gxh3 Nd2 28. Rfd1 Ne4 29. Rac1 Nxf2+ 30. Kg2 f3+ 31. Kxf3 Rf8+ 32. Kg2 Bxc7 33. Nxc7 Nxd1 34. Rxd1 Rc8 35. Ne6 1-0

[Event "Live Chess"]
[Site "Chess.com"]
[Date "2024.06.02"]
[Round "-"]
[White "elephantgerrald"]
[Black "PureDashingOctopus"]
[Result "0-1"]
[WhiteElo "871"]
[BlackElo "2285"]
[TimeControl "300"]
[EndTime "7:11:06 PDT"]
[Termination "PureDashingOctopus won on time"]

1. e4 c5 2. Nf3 d6 3. d4 cxd4 4.
Qxd4 Nc6 5. Qd1 Nf6 6. Nc3 e5 7. Bc4 Be7 8. Bg5 O-O 9. Bxf6 Bxf6 10.
O-O Bg4 11. h3 Bh5 12. Nd5 Nd4 13. Be2 Nxe2+ 14. Qxe2 Rc8 15. Nxf6+ Qxf6 16. Qe3 Bxf3 17. Qxf3 Qxf3 18. gxf3 Rxc2 19. b3 Rfc8 20. Kg2 Kf8 21. Kg3 Ke7 0-1

[Event "Live Chess"]
[Site "Chess.com"]
[Date "2024.06.02"]
[Round "-"]
[White "uselessduffer"]
[Black "r0ad_t0-gm"]
[Result "1-0"]
[WhiteElo "2368"]
[BlackElo "2273"]
[TimeControl "300"]
[EndTime "7:11:10 PDT"]
[Termination "uselessduffer won by resignation"]

1. e4 c5 2. Nc3 Nc6 3. Bb5 Nd4 4. Nf3 a6 5. Bc4 b5 6. Bd5 Rb8 7. Nxd4 cxd4 8. Ne2 e6 9. Bb3 Bb7 10. d3 Bb4+ 11. Bd2 Bc5 12. O-O d5 13. exd5 Bxd5 14. Bxd5 Qxd5 15. Nf4 Qd7 16. Qh5 Be7 17. Qe5 Rc8 18.
Qxg7 Bf6 19. Qg3 Rxc2 20. Rfd1 Ne7 21. Nh5 Nd5 22. Nxf6+ Nxf6 23. Qg7 Rg8 24. Qxf6 Qd5 25. g3 h5 26. Rac1 Rc6 27. Rxc6 Qxc6 28. Rc1 Qd7 29. Bf4 Rg6 30. Qh8+ Ke7 31. Rc7 Qxc7 32. Bxc7 1-0

[Event "Live Chess"]
[Site "Chess.com"]
[Date "2024.06.02"]
[Round "-"]
[White "Grace6363"]
[Black "TheSmoulderingMaster"]
[Result "0-1"]
[WhiteElo "1138"]
[BlackElo "1762"]
[TimeControl "300"]
[EndTime "7:11:12 PDT"]
[Termination "TheSmoulderingMaster won by resignation"]

1. d4 Nf6 2. c4 d6 3. Nf3 g6 4.
Nc3 Bg7 5. Bg5 O-O 6. e3 Bg4 7. Be2 c6 8. Nd2 Bxe2 9. Qxe2 Qa5 10. O-O Qxg5 11. f4 Qg4 12. Qxg4 Nxg4 13. Rf3 Nd7 14. Nde4 e5 15. f5 d5 16. Nd6 exd4 17. fxg6 dxc3 18.
gxf7+ Kh8 19. bxc3 Bxc3 20. Rc1 Bd2 21. Rcf1 Bxe3+ 22.
Kh1 Bc5 23. Nf5 Nge5 24. Nh6 Ng6 25. Rf5 dxc4 26. Ng4 Bd4 27. Rc1 c3 28. Nf2 Bxf2 29. Rxf2 Nde5 0-1

[Event "Live Chess"]
[Site "Chess.com"]
[Date "2024.06.02"]
[Round "-"]
[White "ShanthamGrarks"]
[Black "beltmanjb"]
[Result "1-0"]
[WhiteElo "1933"]
[BlackElo "1685"]
[TimeControl "300"]
[EndTime "7:11:56 PDT"]
[Termination "ShanthamGrarks won on time"]

1. d4 Nf6 2. Nc3 d5 3. Bf4 a6 4.
e3 e6 5. Nf3 c5 6. Bd3 Nbd7 7. Qd2 b5 8. Ne5 Bb7 9. O-O Be7 10. h3 Rc8 11. Rae1 O-O 12. Ng4 c4 13. Be2 b4 14. Nb1 Ne4 15. Qd1 a5 16. f3 Nef6 17.
c3 Nh5 18. Bh2 Bh4 19. Nf2 Ng3 20. Bxg3 Bxg3 21. f4 Nf6 22. Bf3 Qb6 23. Re2 h5 24. Nh1 Bh4 25. g3 Ne4 26. Bxe4 dxe4 27. gxh4 Qd8 28.
Qe1 Qf6 29. Rg2 1-0

[Event "Live Chess"]
[Site "Chess.com"]
[Date "2024.06.02"]
[Round "-"]
[White "wadsy27"]
[Black "agamilewska"]
[Result "1-0"]
[WhiteElo "2593"]
[BlackElo "1742"]
[TimeControl "300"]
[EndTime "7:12:29 PDT"]
[Termination "wadsy27 won by resignation"]

1. d4 d5 2. Nf3 Nf6 3. Bf4 e6 4. e3 c5 5. c3 Nc6 6. Nbd2 cxd4 7. exd4 Bd6 8. Bxd6 Qxd6 9. Bd3 O-O 10. O-O h6 11.
Qe2 Re8 12. Rae1 b6 13. Ne5 Bb7 14. f4 Ne7 15. g4 Nd7 16. Ndf3 Nxe5 17. fxe5 Qd7 18.
g5 hxg5 19. Nxg5 Nf5 20. Qh5 Kf8 21. Bxf5 exf5 22. Nxf7 Ke7 23. e6 Qc7 24. Qg5+ Kf8 25. Rxf5 1-0

[Event "Live Chess"]
[Site "Chess.com"]
[Date "2024.06.02"]
[Round "-"]
[White "Colm_Buckley"]
[Black "V1nas"]
[Result "1-0"]
[WhiteElo "1875"]
[BlackElo "1313"]
[TimeControl "300"]
[EndTime "7:12:33 PDT"]
[Termination "Colm_Buckley won by resignation"]

1. d4 d5 2. c4 e6 3. Nc3 Nf6 4. Nf3 Be7 5. Bf4 a6 6. e3 O-O 7. Rc1 c5 8. dxc5 Bxc5 9. a3 Bd6 10. Bg5 h6 11. Bh4 Nbd7 12. cxd5 exd5 13. Nxd5 Qa5+ 14. Nc3 Ne4 15. Bd3 Nxc3 16. Rxc3 Ne5 17. b4 Nxd3+ 18. Rxd3 Bxb4+ 19. axb4 Qxb4+ 20. Rd2 Bg4 21. Bg3 Rfd8 22. O-O Rxd2 23. Qxd2 Qe4 24. Nd4 Rd8 25. f3 Rxd4 26.
exd4 1-0

[Event "Live Chess"]
[Site "Chess.com"]
[Date "2024.06.02"]
[Round "-"]
[White "JoeyCage"]
[Black "lateforthesky"]
[Result "1-0"]
[WhiteElo "2400"]
[BlackElo "2072"]
[TimeControl "300"]
[EndTime "7:12:56 PDT"]
[Termination "JoeyCage won on time"]

1. e3 d5 2. d4 e6 3. Nf3 Nf6 4. c4 c5 5. Nc3 Nc6 6. Be2 dxc4 7. Bxc4 cxd4 8. exd4 Be7 9. O-O O-O 10. a3 a6 11. Bf4 b5 12. Ba2 Bb7 13. h3 Rc8 14. Qd3 Na5 15. Rad1 Nc4 16. Qe2 Nd5 17. Bg3 Nxc3 18. bxc3 Bf6 19. Bxc4 Rxc4 20. Ne5 Bxe5 21. Bxe5 Qd5 22. Qg4 f6 23. Bh2 Rxc3 24. Rfe1 Re8 25.
Re3 Rxe3 26. fxe3 Rd8 27. Rc1 Rc8 28. Rxc8+ Bxc8 29. Qf3 Qxf3 30. gxf3 Kf7 31. Kf2 Ke7 32. Ke2 Bb7 33. h4 h5 34. Bb8 g5 35. Bg3 Bd5 36. e4 Bc4+ 37. Kd2 gxh4 38. Bxh4 Kf7 39. Ke3 Kg6 40.
Kf4 Be2 41. Be1 Bd1 42. Kg3 e5 43. dxe5 fxe5 44. Bc3 Kf6 45. f4 Ke6 46. Bxe5 a5 47. Bc3 a4 48. f5+ Ke7 49. e5 Bg4 50. Kf4 Bh3 51.
Bb4+ Kf7 52. e6+ Kf6 53. Bc3+ Ke7 54. Ke5 Bxf5 55. Kxf5 h4 56. Kg4 Kxe6 57. Kxh4 Kd7 58. Bb4 Kc8 59. Kg4 Kb7 60. Kf4 1-0

[Event "Live Chess"]
[Site "Chess.com"]
[Date "2024.06.02"]
[Round "-"]
[White "Nazar-Makarchuk"]
[Black "McCarthyStone"]
[Result "0-1"]
[WhiteElo "1475"]
[BlackElo "2455"]
[TimeControl "300"]
[EndTime "7:13:09 PDT"]
[Termination "McCarthyStone won by resignation"]

1. e4 e5 2. Nf3 d6 3. d4 exd4 4.
Qxd4 Nc6 5. Bb5 Bd7 6. Bxc6 bxc6 7. O-O Nf6 8. e5 dxe5 9. Nxe5 Bd6 10. Nxd7 Qxd7 11. Re1+ Kf8 12. g3 Re8 13. Rxe8+ Qxe8 14. Qe3 Qxe3 15. Bxe3 a6 16. Nc3 Ke7 17. Bg5 Kd7 18.
Bxf6 gxf6 19. Ne4 f5 20. Nxd6 cxd6 21. Rd1 Re8 22. Rd3 Re2 23. Rc3 Re4 24. Kg2 a5 25. Kf3 Rb4 26. b3 d5 27. a3 Re4 28. Rd3 Ke6 29.
Re3 Ke5 30. Rxe4+ fxe4+ 31. Ke3 d4+ 32. Ke2 c5 33. f3 e3 34. h3 Kd5 35. Kd3 Ke5 36.
c3 Kd5 37. b4 axb4 38. axb4 cxb4 39. cxb4 Kc6 40. g4 Kb5 41. f4 Kxb4 42. h4 Kc5 43.
g5 Kd5 44. h5 Ke6 45. Ke2 Kf5 46. Kf3 e2 47. Kxe2 Kxf4 48. g6 fxg6 49. hxg6 hxg6 50. Kd3 Ke5 51. Ke2 Ke4 52. Kf2 g5 53. Kg3 d3 54. Kg4 d2 55. Kxg5 d1=Q 56. Kf6 Qd5 57.
Ke7 Qc6 58. Kf7 Kf5 59. Ke7 Qe6+ 60. Kd8 Qf7 61. Kc8 Ke6 62. Kb8 Kd6 63. Ka8 Kc6 0-1

[Event "Live Chess"]
[Site "Chess.com"]
[Date "2024.06.02"]
[Round "-"]
[White "TheSmoulderingMaster"]
[Black "NeilDruggan73"]
[Result "1-0"]
[WhiteElo "1769"]
[BlackElo "1705"]
[TimeControl "300"]
[EndTime "7:13:12 PDT"]
[Termination "TheSmoulderingMaster won by checkmate"]

1. e4 d6 2. d4 Nf6 3. Nc3 g6 4. Bf4 Bg7 5. Nf3 c6 6. Qd2 b5 7. O-O-O Qa5 8. Kb1 Nbd7 9. e5 dxe5 10. dxe5 Nd5 11. Nxd5 Qxd2 12. Nc7+ Kf8 13. Rxd2 Rb8 14. Ng5 Rb7 15. e6 Ne5 16. Rd8# 1-0

[Event "Live Chess"]
[Site "Chess.com"]
[Date "2024.06.02"]
[Round "-"]
[White "gobbles19"]
[Black "silunn"]
[Result "1-0"]
[WhiteElo "2206"]
[BlackElo "2103"]
[TimeControl "300"]
[EndTime "7:13:32 PDT"]
[Termination "gobbles19 won by resignation"]

1. e4 e6 2. d4 d5 3. Nc3 Nf6 4. Bg5 Be7 5. e5 Nfd7 6. h4 Nc6 7. Bxe7 Qxe7 8. Nb5 Nb6 9. Qg4 Kf8 10. Nf3 h5 11. Qf4 a6 12. Nc3 Bd7 13. Bd3 Kg8 14. a3 Nc4 15.
Bxc4 dxc4 16. Rd1 Na5 17. d5 Qc5 18. O-O b5 19. Ne4 Qb6 20. d6 c5 21. Nfg5 Be8 22. d7 1-0

[Event "Live Chess"]
[Site "Chess.com"]
[Date "2024.06.02"]
[Round "-"]
[White "PureDashingOctopus"]
[Black "FlyingChessKestrel13"]
[Result "1-0"]
[WhiteElo "2289"]
[BlackElo "2063"]
[TimeControl "300"]
[EndTime "7:13:53 PDT"]
[Termination "PureDashingOctopus won by resignation"]

1. e4 c5 2. Nc3 Nc6 3. Nf3 e6 4. d4 cxd4 5. Nxd4 a6 6. Be3 Nf6 7. g4 Bb4 8. f3 O-O 9. g5 Nh5 10. Qd2 g6 11. O-O-O Qa5 12. Nxc6 bxc6 13. Bd4 e5 14.
Be3 Bxc3 15. Qxc3 Qxa2 16. Qxe5 a5 17. Bd4 f6 18. gxf6 Nxf6 19. Bc5 Rf7 20. b3 a4 21. Bc4 axb3 22. Bxf7+ Kxf7 23. Qe7+ 1-0

[Event "Live Chess"]
[Site "Chess.com"]
[Date "2024.06.02"]
[Round "-"]
[White "Frankie_Badacsonyi"]
[Black "Colm_Buckley"]
[Result "1-0"]
[WhiteElo "2387"]
[BlackElo "1874"]
[TimeControl "300"]
[EndTime "7:13:53 PDT"]
[Termination "Frankie_Badacsonyi won by resignation"]

1. Nf3 Nf6 2. b3 d5 3. Bb2 c5 4. e3 Nc6 5. Bb5 a6 6. Bxc6+ bxc6 7. d3 Bf5 8. O-O e6 9. Nbd2 Bd6 10. Qe2 Qc7 11. e4 dxe4 12. dxe4 Bg4 13. e5 Bxf3 14. Nxf3 1-0

[Event "Live Chess"]
[Site "Chess.com"]
[Date "2024.06.02"]
[Round "-"]
[White "MagnersCarlsberg2870"]
[Black "nitrofish07"]
[Result "0-1"]
[WhiteElo "1782"]
[BlackElo "2081"]
[TimeControl "300"]
[EndTime "7:13:56 PDT"]
[Termination "nitrofish07 won by resignation"]

1. d4 d5 2. e3 Nf6 3. Bd3 c6 4. Nd2 g6 5. f3 Bg7 6. Ne2 O-O 7. c3 Nbd7 8. h4 e5 9. g4 Re8 10. h5 e4 11. fxe4 dxe4 12. Bc4 Nxg4 13. hxg6 hxg6 14. Nf1 Qf6 15. Nf4 Nxe3 16. Bxe3 g5 17. Nh5 Qg6 18. Nxg7 Kxg7 19. Qd2 Nb6 20. Be2 f6 21. Bh5 Qh6 22. Bxe8 Qxh1 23. O-O-O Bg4 24. Re1 Rxe8 25. Ng3 Qf3 26.
Bxg5 Nc4 27. Bh6+ Kh7 28. Qh2 Rh8 29. Rh1 Kg6 30. Nh5 Bxh5 31. Rg1+ Bg4 0-1

[Event "Live Chess"]
[Site "Chess.com"]
[Date "2024.06.02"]
[Round "-"]
[White "LL220284LL"]
[Black "ACM42"]
[Result "1-0"]
[WhiteElo "2467"]
[BlackElo "2184"]
[TimeControl "300"]
[EndTime "7:13:59 PDT"]
[Termination "LL220284LL won by resignation"]

1. Nf3 Nf6 2. g3 g6 3. Bg2 Bg7 4. O-O O-O 5. d3 d6 6. e4 c5 7.
Nbd2 Nc6 8. h4 a6 9. Nh2 b5 10. a4 Bb7 11. f4 Nd7 12. Ndf3 c4 13. f5 Qb6+ 14. Kh1 Nde5 15. Nxe5 dxe5 16. Ng4 cxd3 17. cxd3 Rad8 18. Nh6+ Kh8 19. fxg6 fxg6 20. Nf7+ Rxf7 21. Rxf7 Bf6 22. Bg5 Kg8 23. Rxf6 exf6 24. Bxf6 Rf8 25. Qb3+ Rf7 26. Rf1 Nd4 27. Qxf7+ Kxf7 28. Bd8+ 1-0

[Event "Live Chess"]
[Site "Chess.com"]
[Date "2024.06.02"]
[Round "-"]
[White "RichardABates"]
[Black "JanMur7"]
[Result "1-0"]
[WhiteElo "2384"]
[BlackElo "2289"]
[TimeControl "300"]
[EndTime "7:14:03 PDT"]
[Termination "RichardABates won by checkmate"]

1. d4 Nf6 2. Nf3 e6 3. c4 d5 4. g3 dxc4 5. Bg2 Bb4+ 6. Bd2 c5 7. O-O O-O 8. dxc5 Bxc5 9. Ne5 Nbd7 10. Nxc4 Rb8 11. Bf4 Ra8 12. Bd6 Bxd6 13. Nxd6 Rb8 14. Nc3 b6 15. Ncb5 a5 16. Na7 Ne5 17. Naxc8 Rxc8 18.
Nxc8 Qxc8 19. Rc1 Qa6 20. Qd2 h5 21. Rfd1 h4 22. Qe3 Neg4 23. Qd3 Qa7 24. h3 Ne5 25. Qd4 Ng6 26. gxh4 e5 27. Qe3 Nxh4 28. Rd6 Nxg2 29. Kxg2 Qb7+ 30. f3 Re8 31. Rcd1 Qe7 32. Qxb6 Nh5 33.
Rd8 Nf4+ 34. Kf1 Ne6 35. Rxe8+ Qxe8 36. Qd6 Qa4 37. b3 Qh4 38. Qxe5 Qxh3+ 39. Kf2 Qh4+ 40.
Qg3 Qb4 41. Qg4 Qc5+ 42. Kf1 Qc2 43. Rd7 Qc1+ 44. Kf2 Qc5+ 45. Kg2 Qb5 46. Rd3 Qe5 47. e3 Qb2+ 48. Kg3 Qxa2 49. Rc3 Qa1 50. Rc8+ Nf8 51. Qc4 Qe5+ 52. Qf4 Qe6 53. Qc7 Qg6+ 54. Kf2 Qf6 55. Qd8 Qh4+ 56. Qxh4 g6 57. Qf6 g5 58. Rc7 Nh7 59.
Qxf7+ Kh8 60. Qg7# 1-0

[Event "Live Chess"]
[Site "Chess.com"]
[Date "2024.06.02"]
[Round "-"]
[White "halfberg"]
[Black "Step-S"]
[Result "1-0"]
[WhiteElo "1890"]
[BlackElo "1282"]
[TimeControl "300"]
[EndTime "7:14:05 PDT"]
[Termination "halfberg won by checkmate"]

1. e4 c6 2. d4 d6 3. Nc3 g6 4. f4 Bg7 5. Nf3 Bg4 6. Be2 Nd7 7. O-O h5 8. h3 e6 9. hxg4 hxg4 10. Ng5 Bh6 11.
Bxg4 Bxg5 12. fxg5 Qe7 13. d5 O-O-O 14. dxc6 bxc6 15.
Qd3 Nb8 16. Qc4 f5 17. gxf6 Nxf6 18. Bxe6+ Kc7 19. Bf4 Qh7 20. Nb5+ Kb7 21. Nxd6+ Ka8 22. Bh3 Qc7 23. Nf7 Qb6+ 24. Kh1 Rxh3+ 25. gxh3 Nh5 26.
Bxb8 Rxb8 27. Ne5 Ng3+ 28. Kh2 Nxf1+ 29. Rxf1 Rc8 30. Nd3 Qc7+ 31. e5 Qe7 32. Rf7 Qg5 33.
Qf4 Qd8 34. Qf2 Qd5 35. Qxa7# 1-0

[Event "Live Chess"]
[Site "Chess.com"]
[Date "2024.06.02"]
[Round "-"]
[White "stevochess11"]
[Black "Eva3337"]
[Result "1-0"]
[WhiteElo "1691"]
[BlackElo "1167"]
[TimeControl "300"]
[EndTime "7:14:05 PDT"]
[Termination "stevochess11 won by checkmate"]

1. d4 d5 2. Nf3 e6 3. e3 c5 4. Bd3 cxd4 5. exd4 Nf6 6. Nbd2 Nc6 7. a3 a5 8. b3 b6 9. Bb2 Ba6 10. c4 Be7 11. O-O O-O 12. Ne5 Nxe5 13. dxe5 Nd7 14. f4 f6 15. Rf3 Nc5 16. Bxh7+ Kf7 17. Rh3 f5 18. Qh5+ g6 19. Qxg6# 1-0

[Event "Live Chess"]
[Site "Chess.com"]
[Date "2024.06.02"]
[Round "-"]
[White "CheckThis4"]
[Black "Bradfield133"]
[Result "1-0"]
[WhiteElo "2681"]
[BlackElo "1844"]
[TimeControl "300"]
[EndTime "7:14:06 PDT"]
[Termination "CheckThis4 won by checkmate"]

1. d4 d6 2. e4 g6 3. Nc3 Bg7 4. Be3 Nd7 5. Qd2 c5 6. Nge2 cxd4 7. Nxd4 Ngf6 8. f3 O-O 9. O-O-O a6 10. Bh6 Qc7 11.
h4 Ne5 12. h5 Nc4 13. Bxc4 Qxc4 14. Bxg7 Kxg7 15. hxg6 fxg6 16. Qh6+ Kg8 17. Nd5 Rf7 18. b3 Qc5 19. Nxf6+ exf6 20. Kb1 Qc7 21. Ne2 Be6 22.
Nf4 Re8 23. Nxg6 hxg6 24. Qh8# 1-0

[Event "Live Chess"]
[Site "Chess.com"]
[Date "2024.06.02"]
[Round "-"]
[White "JohanKjeldahl"]
[Black "jimwad"]
[Result "1-0"]
[WhiteElo "1797"]
[BlackElo "1333"]
[TimeControl "300"]
[EndTime "7:14:07 PDT"]
[Termination "JohanKjeldahl won by resignation"]

1. e4 e5 2. Nf3 Nc6 3. d4 exd4 4. c3 d6 5. cxd4 Bg4 6. Nc3 Nf6 7.
Be2 Be7 8. O-O O-O 9. h3 Bxf3 10. Bxf3 h6 11. Bf4 Nh7 12. a3 Bg5 13. Bg3 Bh4 14.
Rc1 Bxg3 15. fxg3 Ng5 16. Bg4 Qe7 17. Qd3 Rae8 18. Rce1 a6 19. Nd5 Qd8 20. b4 Ne7 21. Ne3 c6 22. h4 Nh7 23. Nf5 Nxf5 24. Bxf5 Nf6 25. e5 dxe5 26. dxe5 Qxd3 27. Bxd3 Nd5 28. Bc4 b5 29. Bb3 Nc7 30. Rf2 Ne6 31. Rd2 Rd8 32. Red1 Rxd2 33. Rxd2 Rd8 34. Rd6 Rxd6 35. exd6 Nd8 36.
Kf2 Kf8 37. Ke3 f6 38. Kd4 Ke8 39. Kc5 Kd7 40. Kb6 Nb7 41. Kxb7 Kxd6 42. Kb6 a5 43. bxa5 g5 44. a6 gxh4 45. gxh4 f5 46. a7 1-0

[Event "Live Chess"]
[Site "Chess.com"]
[Date "2024.06.02"]
[Round "-"]
[White "Dashman93"]
[Black "ivan_1968"]
[Result "1-0"]
[WhiteElo "2146"]
[BlackElo "1815"]
[TimeControl "300"]
[EndTime "7:14:07 PDT"]
[Termination "Dashman93 won by resignation"]

1. e4 c6 2. d4 d5 3. e5 Bf5 4. Be2 e6 5. Nf3 Nd7 6. c3 Ne7 7. Bd3 c5 8. O-O Bxd3 9. Qxd3 Nc6 10. Be3 Be7 11. Nbd2 O-O 12. h4 f6 13. exf6 Nxf6 14. Ng5 Qd7 15. dxc5 e5 16. Rad1 Rad8 17. b4 e4 18. Qe2 Qf5 19. f3 exf3 20. Qxf3 Qxf3 21. Ndxf3 Ng4 22. Bd4 Nxd4 23. Rxd4 Ne3 24. Re1 Nf5 25. Ne6 Nxd4 26. Nfxd4 Bxh4 27. Re2 Rde8 28. Nxf8 Rxe2 29. Nxe2 Kxf8 30. Nf4 Be1 31. Nxd5 Kf7 32. Kf1 Ke6 33. Nc7+ Kd7 34. Nb5 a6 35. Kxe1 axb5 36. Ke2 Kc6 37. Ke3 Kd5 38. Kd3 g5 39. g4 h6 40.
a3 h5 41. gxh5 g4 42. h6 g3 43. Ke3 1-0

[Event "Live Chess"]
[Site "Chess.com"]
[Date "2024.06.02"]
[Round "-"]
[White "lateforthesky"]
[Black "TheSmoulderingMaster"]
[Result "1-0"]
[WhiteElo "2074"]
[BlackElo "1767"]
[TimeControl "300"]
[EndTime "7:14:15 PDT"]
[Termination "lateforthesky won by resignation"]

1. e4 c5 2. Nf3 d6 3. Nc3 Nc6 4.
Bb5 Bd7 5. O-O Nf6 6. Re1 e5 7. d3 g6 8. h3 Bg7 9. Bg5 O-O 10.
Nd5 Nd4 11. Bxd7 Qxd7 12. Bxf6 Bxf6 13. Nxf6+ 1-0

[Event "Live Chess"]
[Site "Chess.com"]
[Date "2024.06.02"]
[Round "-"]
[White "Ferrarifan27"]
[Black "GEMdzq"]
[Result "1-0"]
[WhiteElo "2151"]
[BlackElo "2274"]
[TimeControl "300"]
[EndTime "7:14:24 PDT"]
[Termination "Ferrarifan27 won by checkmate"]

1. e4 Nf6 2. e5 Nd5 3. d4 d6 4.
Nf3 g6 5. exd6 cxd6 6. c4 Nb6 7. Nc3 Bg7 8. Be3 O-O 9. Be2 Nc6 10. O-O Bg4 11.
b3 e5 12. d5 Ne7 13. Rc1 f5 14. Ng5 Bxe2 15. Qxe2 f4 16. Ne6 Qd7 17. Bxb6 axb6 18.
Nxf8 Rxf8 19. f3 Nf5 20. Ne4 Ne3 21. Rf2 h6 22. Rc3 Nf5 23. a4 g5 24. h3 Qe7 25. b4 Nd4 26. Qa2 h5 27. c5 bxc5 28. bxc5 g4 29. cxd6 Qh4 30. d7 gxf3 31. Rc8 fxg2 32.
Rxf8+ Bxf8 33. d6+ Kg7 34. Rxg2+ Kh6 35. Qf2 Qd8 36.
Rg8 Qxd7 37. Qg2 Bg7 38. Qg5+ Kh7 39. Nf6+ Bxf6 40. Qg6# 1-0